 Dungeon Crawl Stone Soup version 0.30.1-11-g7821555f0a (webtiles) character file.

Game seed: 3008841830250534869

1892 Martska the Trooper (level 8, -1/59 (68) HPs)
             Began as a Demonspawn Fighter on Dec 13, 2023.
             Was a Follower of Uskayaw.
             Slain by a wight
             ... wielding a +4 great sword
              (3 damage)
             ... on level 6 of the Dungeon.
             The game lasted 00:07:43 (6494 turns).

Martska the Trooper (Demonspawn Fighter)            Turns: 6494, Time: 00:07:45

HP:   -1/59 (68)    AC:  9    Str: 19    XL:     8   Next: 93%
MP:   9/9           EV: 17    Int: 10    God:    Uskayaw [*.....]
Gold: 294           SH:  0    Dex: 12    Spells: 7/7 levels left

rFire   . . .        y - +0 whip (flame)
rCold   . . .        (no shield)
rNeg    . . .        b - +0 scale mail
rPois   .            (no helmet)
rElec   .            q - +0 cloak
rCorr   .            (no gloves)
SInv    .            (no boots)
Will    .....        (no amulet)
Stlth   x              - +5 ring of evasion
HPRegen 0.29/turn    (no ring)
MPRegen 0.11/turn

%: no passive effects
@: heavily drained
A: demonic guardian 1, ignite blood 3, sharp scales 1, demonic touch 2
a: Renounce Religion, Stomp


You were on level 6 of the Dungeon.
You worshipped Uskayaw.
Uskayaw was noncommittal.
You visited 2 branches of the dungeon, and saw 8 of its levels.

You collected 294 gold pieces.

Inventory:

Hand Weapons
 a - a +0 trident
 r - a +2 quarterstaff of chaos
 y - a +0 whip of flaming (weapon)
Armour
 b - a +0 scale mail (worn)
 c - a +0 buckler
 g - a scarf of shadows
 q - a +0 cloak (worn)
Jewellery
 x - a +5 ring of evasion (left hand)
 C - a ring of fire
Wands
 v - a wand of polymorph (2)
Scrolls
 f - 4 scrolls of teleportation
 j - a scroll of poison
 m - 2 scrolls of fog
 n - 2 scrolls of magic mapping
 s - 2 scrolls of enchant weapon
 t - a scroll of vulnerability
 u - a scroll of immolation
Potions
 d - a potion of might
 h - 2 potions of resistance
 i - a potion of cancellation {unknown}
 k - 2 potions of heal wounds {unknown}
 l - a potion of magic {unknown}
 o - 2 potions of flight {unknown}
 w - a potion of ambrosia {unknown}
 z - a potion of mutation {unknown}
 A - a potion of brilliance {unknown}
 B - 2 potions of degeneration {unknown}


   Skills:
 * Level 7.8 Fighting
 * Level 0.6(1.3) Axes
 - Level 1.7(1.8) Polearms
 + Level 5.3 Armour
 * Level 6.3 Dodging
 - Level 2.9 Shields
 + Level 2.3 Invocations


You had 7 spell levels left.
You didn't know any spells.
Your spell library contained the following spells:

 Spells                   Type           Power      Damage    Failure   Level
 Cigotuvi's Dreadful Rot  Necr/Pois/Air  0%         N/A       85%         2
 Dispel Undead            Necr           0%         3d6       100%        4
 Manifold Assault         Tloc           0%         N/A       100%        4
 Death Channel            Necr           0%         N/A       100%        6
 Dispersal                Tloc           0%         N/A       100%        6
 Disjunction              Tloc           0%         N/A       100%        8


Dungeon Overview and Level Annotations

Branches:
Dungeon (7/15)             Temple (1/1) D:5

Altars:
Cheibriados
Dithmenos
Fedhas
Hepliaklqana
Kikubaaqudgha
Makhleb
Okawaru
Qazlal
Sif Muna
Uskayaw
Vehumet
Wu Jian
Xom
Yredelemnul
Lugonu

Portals:
Abyss: D:4


Innate Abilities, Weirdness & Mutations

A weak demonic guardian rushes to your aid.
Your demonic aura causes all spilled blood to erupt in flames.
You are partially covered in razor-sharp scales. (AC +1, Slay +1)
Your touch may inflict irresistible damage on your foes.


Message History

The wight hits you with a +0 long sword.
The wight hits you with a +4 great sword!
A gnoll sergeant comes into view. It is wielding a +0 trident.
The howler monkey is engulfed in blazing flames.
The howler monkey barely misses you.
You hear a shout!
The wight barely misses you. The wight closely misses you.
The howler monkey is engulfed in blazing flames.
The howler monkey misses you.
You can no longer pass through a line of other dancers.
You climb upwards.
There is a stone staircase leading down here.
You whack the howler monkey! You burn the howler monkey.
You kill the howler monkey!
The wight hits you with a +4 great sword!!
You feel drained.
The wight hits you with a +0 long sword.
* * * LOW HITPOINT WARNING * * *
A demonic guardian appears!
You feel drained.
* * * LOW HITPOINT WARNING * * *
You see here a howler monkey corpse.
The wight hits your quasit but does no damage.
Your quasit misses the wight.
Your quasit claws the wight but does no damage. x2
The wight hits your quasit with a +0 long sword!
Your quasit bites the wight but does no damage.
Your quasit closely misses the wight.
Your quasit claws the wight.
The wight hits your quasit with a +0 long sword!
Your quasit barely misses the wight.
Your quasit misses the wight.
Your quasit closely misses the wight.
The wight closely misses your quasit.
Your quasit closely misses the wight.
Your quasit claws the wight but does no damage.
Your quasit misses the wight. You hit the wight. You burn the wight.
You touch the wight!
The wight is severely damaged.
Your quasit disappears in a puff of smoke!
The wight hits you with a +4 great sword!
* * * LOW HITPOINT WARNING * * *
A demonic guardian appears!
You feel drained.
You die...

#....#
#############.....
#z.........##.....
#§########.####.##
#†# #####.#...#..
#.# #........###.
#5# #.##....#.#.#
#z# #.##.#..##.##
#@####.##....#####
#.##...#####.#####
####.### #......
#☼...°# ###.##.##
###.....###...##.#
#...._......####.##
#.#.....##### #...
#.#°...§# ####
#.###.###


You could see 2 wights and a friendly ufetubus (summoned).

Vanquished Creatures
  Pikel (D:5)
  A steam dragon (D:6)
  3 black bears
  A centaur (D:6)
  A bullfrog (D:6)
  A scorpion (D:4)
  A wight (D:7)
  A howler monkey (D:6)
  A centaur zombie (D:3)
  A jelly (D:4)
  5 hounds
  Crazy Yiuf (D:3)
  2 orc priests
  2 iguanas
  5 orc wizards
  A scorpion zombie (D:3)
  A hound skeleton (D:3)
  A gnoll (D:1)
  9 adders
  An adder zombie (D:3)
  An orc zombie (D:4)
  5 worms
  2 dart slugs
  17 orcs
  5 bats
  7 endoplasms
  5 giant cockroaches
  8 goblins
  5 hobgoblins
  3 quokkas
  5 ball pythons
  A frilled lizard (D:3)
  10 kobolds
  A quokka skeleton (D:3)
  6 rats
121 creatures vanquished.

Vanquished Creatures (collateral kills)
  A jelly (D:6)
  2 orcs
3 creatures vanquished.

Vanquished Creatures (others)
  A lurking horror (D:4)
1 creature vanquished.

Grand Total: 125 creatures vanquished

Notes
Turn   | Place    | Note
-------+----------+-------------------------------------------
     0 | D:1      | Martska the Demonspawn Fighter began the quest for the Orb.
     0 | D:1      | Reached XP level 1. HP: 18/18 MP: 1/1
   141 | D:1      | Reached skill level 1 in Dodging
   141 | D:1      | Gained mutation: Your demonic aura sometimes causes spilled
                  | blood to erupt in flames. [demonic ancestry]
   141 | D:1      | Reached XP level 2. HP: 16/24 MP: 2/2
  1020 | D:2      | Gained mutation: Your touch may inflict minor irresistible
                  | damage on your foes. [demonic ancestry]
  1020 | D:2      | Reached XP level 3. HP: 29/29 MP: 3/3
  1327 | D:2      | Gained mutation: You are partially covered in razor-sharp
                  | scales. (AC +1, Slay +1) [demonic ancestry]
  1327 | D:2      | Reached XP level 4. HP: 37/37 MP: 4/4
  1730 | D:3      | Reached skill level 4 in Fighting
  1752 | D:3      | Gained mutation: Your demonic aura often causes spilled
                  | blood to erupt in flames. [demonic ancestry]
  1752 | D:3      | Reached XP level 5. HP: 23/42 MP: 5/5
  2265 | D:3      | Gained mutation: A weak demonic guardian rushes to your
                  | aid. [demonic ancestry]
  2265 | D:3      | Reached XP level 6. HP: 49/49 MP: 6/6
  2649 | D:3      | Found a runed translucent door.
  2650 | D:3      | Noticed Crazy Yiuf
  2814 | D:3      | Killed Crazy Yiuf
  2919 | D:4      | Reached skill level 5 in Fighting
  3176 | D:4      | Found a one-way gate to the infinite horrors of the Abyss.
  3184 | D:4      | Found a corrupted altar of Lugonu.
  3381 | D:4      | Gained mutation: Your touch may inflict irresistible damage
                  | on your foes. [demonic ancestry]
  3381 | D:4      | Reached XP level 7. HP: 52/56 MP: 7/7
  3660 | D:4      | Reached skill level 6 in Fighting
  3692 | D:4      | Found an ancient bone altar of Kikubaaqudgha.
  3921 | D:5      | Entered Level 5 of the Dungeon
  4412 | D:5      | Noticed Pikel
  4421 | D:5      | Killed Pikel
  4422 | D:5      | Reached skill level 7 in Fighting
  4422 | D:5      | Reached skill level 5 in Armour
  4422 | D:5      | Reached skill level 5 in Dodging
  4422 | D:5      | Gained mutation: Your demonic aura causes all spilled blood
                  | to erupt in flames. [demonic ancestry]
  4422 | D:5      | Reached XP level 8. HP: 36/67 MP: 8/8
  4673 | D:5      | Found a staircase to the Ecumenical Temple.
  4907 | Temple   | Entered the Ecumenical Temple
  4957 | Temple   | Became a worshipper of Uskayaw the Reveller
  5137 | D:5      | Reached * piety under Uskayaw
  5380 | D:6      | Reached skill level 1 in Invocations
  5500 | D:6      | Found a stormy altar of Qazlal.
  5624 | D:6      | Reached ** piety under Uskayaw
  5810 | D:6      | Found an ornate altar of the Wu Jian Council.
  5817 | D:6      | Reached *** piety under Uskayaw
  6178 | D:6      | HP: 2/66 [acid (11)]
  6494 | D:6      | HP: 2/61 [wight/+4 great sword (13)]
  6494 | D:6      | Slain by a wight

Illustrated notes

Levels and vault maps discovered:
D:1:      erik_arrival_blinker_ship, layout_basic
D:2:      layout_loops_ring, minmay_close_crescents
D:3:      layout_loops_ring, serial_undead, serial_undead_b, serial_undead_d,
          serial_undead_e, serial_undead_a, dreamdust_mushroom_princess,
          chequers_serial_rivers_micro_a, uniq_crazy_yiuf_cottage
D:4:      layout_rooms, mainiacjoe_overflow_two_lobes,
          cheibrodos_sewer_entry_bend, minivault_4,
          amcnicky_altar_lugonu_corruption
D:5:      layout_layer_cave, minmay_temple_entry_antechambers, uniq_pikel
D:6:      layout_loops_ring, grunt_qazlal_clouds, nicolae_wu_jian_wuxing_cycle
D:7:      gammafunk_corrupted_shrine, layout_rooms, nemelex_spade_bored_becter,
          lemuel_doored_altar, uniq_menkaure
Temple:   nicolae_temple_hex_pool

Skill      XL: |  1  2  3  4  5  6  7  8 |
---------------+-------------------------+-----
Dodging        | 1 2 3 4 5 6 |  6.3
Armour         | 3 4 5 |  5.3
Fighting       | 4 5 7 |  7.8
Invocations    | 2 |  2.3
Axes           | |  0.6
Polearms       | |  1.7
Shields        | |  2.9

Action                     |  1- 3 |  4- 6 |  7- 9 || total
---------------------------+-------+-------+-------++-------
  Melee: Trident           |    88 |   116 |    68 ||   272
         Touch             |     5 |    22 |    19 ||    46
         Punch             |       |     2 |     2 ||     4
         Quarterstaff      |       |    33 |       ||    33
         Whip              |       |       |    59 ||    59
    Use: Potion            |       |     2 |     2 ||     4
         Scroll            |       |       |     8 ||     8
   Stab: Distracted        |       |     1 |       ||     1
 Armour: Scale mail        |    15 |    87 |    45 ||   147
  Dodge: Dodged            |    32 |    74 |   109 ||   215
  Block: Buckler           |     7 |       |       ||     7
